 Dungeon Crawl Stone Soup version 0.29-a0-352-g0917bc69df (webtiles) character file.

Game seed: 1711547067163246228

399737 Zonian the Impaler (level 23, -1/182 HPs)
             Began as a Gnoll Ice Elementalist on Apr 20, 2022.
             Was the Champion of Dithmenos.
             Slain by a white very ugly thing (44 damage)
             ... on level 5 of the Vaults on Apr 24, 2022.
             The game lasted 04:42:33 (59359 turns).

Zonian the Impaler (Gnoll Ice Elementalist)        Turns: 59359, Time: 04:42:34

Health: -1/182     AC: 24    Str: 26    XL:     23   Next: 27%
Magic:  38/43      EV: 26    Int: 24    God:    Dithmenos [******]
Gold:   2829       SH: 19    Dex: 25    Spells: 5/54 levels left

rFire   + + +      SeeInvis +   d - +8 war axe "Grim Tooth" {drain, Fly}
rCold   . . .      Faith    .   Q - +3 kite shield {reflect}
rNeg    . . .      Spirit   .   S - +1 robe of Vines {NoPotionHeal Regen++++}
rPois   .          Reflect  +   M - +2 helmet {Int+3}
rElec   .          Harm     .   G - scarf {shadows}
rCorr   .          Rampage  .   q - +0 pair of gloves "Puuha" {Regen+ Str+6}
Will    +....                   h - +2 pair of boots {Fly} Stlth ***+++++++
                                f - amulet of Huon {RegenMP rF+ Str+6}
HPRegen 4.40/turn               J - ring "Uxkug" {Fly rF++ rC+ Slay+4}
MPRegen 0.68/turn               z - ring "Saxziycw" {rC- Str+6 Dex+8 SInv}

@: ice-armoured, marked, freezing walls, flying, wreathed by umbra, studying
Polearms
A: fangs 1, strong nose, distributed training
}: 2/15 runes: decaying, serpentine
a: Renounce Religion, Shadow Step, Shadow Form


You were on level 5 of the Vaults.
You worshipped Dithmenos.
Dithmenos was exalted by your worship.
You visited 8 branches of the dungeon, and saw 40 of its levels.
You visited the Abyss 2 times.

You collected 5791 gold pieces.
You spent 2962 gold pieces at shops.

Inventory:

Hand Weapons
 c - a +6 demon trident of venom
 d - the +8 war axe "Grim Tooth" (weapon) {drain, Fly}
   (You found it on level 1 of the Elven Halls)

   A truly terrible weapon, it drains the life of any living foe it strikes.
   Fly:       It grants you flight.
 e - the +9 dagger of the Past {venom, rPois rC+++ Will-}
   (You bought it in a shop on level 2 of the Orcish Mines)

   It poisons the flesh of those it strikes.
   rC:        It renders you almost immune to cold.
   rPois:     It protects you from poison.
   Will:      It decreases your willpower.
 g - the +9 mace of Kismet {speed, Int+9 Dex-3}
   (You took it off a deep elf annihilator on level 3 of the Elven Halls)

   Attacks with this weapon are significantly faster.
   Int:       It affects your intelligence (+9).
   Dex:       It affects your dexterity (-3).
 j - a +8 hand crossbow of flaming
 t - the +5 rapier "Rofim" {vamp, rElec rPois}
   (You took it off a deep elf demonologist on level 3 of the Elven Halls)

   It occasionally heals its wielder for a portion of the damage dealt when it
   wounds a living foe.
   rElec:     It insulates you from electricity.
   rPois:     It protects you from poison.
 V - a +2 antimagic war axe
Missiles
 u - 9 silver javelins
 x - 11 curare-tipped darts
 y - 6 throwing nets
 O - 13 javelins
Armour
 h - a +2 pair of boots of flying (worn)
 q - the +0 pair of gloves "Puuha" (worn) {Regen+ Str+6}
   (You took it off Nikola on level 1 of the Snake Pit)

   Str:       It affects your strength (+6).
   Regen:     It increases your rate of health regeneration.
 G - a scarf of shadows (worn)
 M - a +2 helmet of intelligence (worn)
 Q - a +3 kite shield of reflection (worn)
 S - the +1 robe of Vines (worn) {NoPotionHeal Regen++++}
   (You found it on level 10 of the Dungeon)

   Its wearer cannot be healed by potions.
   Regen:     It increases your rate of health regeneration.
 U - a +1 cloak
Jewellery
 f - the amulet of Huon (around neck) {RegenMP rF+ Str+6}
   (You bought it in a shop on level 1 of the Snake Pit)

   [amulet of magic regeneration]

   It increases your rate of magic regeneration.
   Str:       It affects your strength (+6).
   rF:        It protects you from fire.
 s - a +6 ring of dexterity
 z - the ring "Saxziycw" (right hand) {rC- Str+6 Dex+8 SInv}
   (You found it on level 13 of the Dungeon)

   [ring of strength]

   Str:       It affects your strength (+6).
   Dex:       It affects your dexterity (+8).
   rC:        It makes you vulnerable to cold.
   SInv:      It lets you see invisible.
 D - the ring of the Sunfish {rPois Int+3 Stlth-}
   (You took it off a deep elf death mage on level 5 of the Vaults)

   [ring of poison resistance]

   Int:       It affects your intelligence (+3).
   rPois:     It protects you from poison.
   Stlth:     It makes you less stealthy.
 J - the ring "Uxkug" (left hand) {Fly rF++ rC+ Slay+4}
   (You found it on level 1 of the Vaults)

   [ring of slaying]

   Slay:      It affects your accuracy & damage with ranged weapons and melee
   (+4).
   rF:        It greatly protects you from fire.
   rC:        It protects you from cold.
   Fly:       It grants you flight.
 R - a ring of wizardry
Wands
 a - a wand of mindburst (4)
 m - a wand of charming (7)
 o - a wand of digging (6)
 C - a wand of flame (27)
 E - a wand of iceblast (12)
 W - a wand of acid (5)
Scrolls
 i - 10 scrolls of teleportation
 k - 2 scrolls of summoning
 l - 2 scrolls of immolation
 p - 4 scrolls of magic mapping
 w - a scroll of silence
 H - 4 scrolls of blinking
 I - a scroll of holy word
 X - a scroll of fear
Potions
 b - 9 potions of magic
 r - 9 potions of curing
 v - 2 potions of ambrosia
 A - 6 potions of brilliance
 B - 2 potions of invisibility
 F - 7 potions of lignification
 K - 6 potions of haste
 N - a potion of resistance
Miscellaneous
 L - a condenser vane
 P - a tin of tremorstones (inert)
 T - a box of beasts
 Y - a phantom mirror


   Skills:
 + Level 15.4 Fighting
 + Level 15.4 Short Blades
 + Level 15.4 Long Blades
 + Level 15.4 Axes
 + Level 15.4 Maces & Flails
 + Level 20.7 Polearms
 + Level 15.4 Staves
 + Level 15.4 Slings
 + Level 15.4 Bows
 + Level 15.4 Crossbows
 + Level 15.4 Throwing
 + Level 15.4 Armour
 + Level 16.0 Dodging
 + Level 15.9 Stealth
 + Level 15.4 Shields
 + Level 15.4 Unarmed Combat
 + Level 16.1 Spellcasting
 + Level 13.1 Conjurations
 + Level 13.1 Hexes
 + Level 13.1 Summonings
 + Level 13.1 Necromancy
 + Level 13.1 Translocations
 + Level 13.1 Transmutations
 + Level 13.1 Fire Magic
 + Level 14.8 Ice Magic
 + Level 13.1 Air Magic
 + Level 13.1 Earth Magic
 + Level 13.1 Poison Magic
 + Level 16.7 Invocations
 + Level 15.4 Evocations


You had 5 spell levels left.
You knew the following spells:

 Your Spells              Type           Power      Damage    Failure   Level
a - Freeze                Ice            100%       1d11      0%          1
b - Frozen Ramparts       Ice            100%       1d12      1%          3
c - Ozocubu's Armour      Ice            74%        N/A       1%          3
d - Hailstorm             Conj/Ice       72%        3d15      1%          4
e - Wereblood             Tmut           70%        N/A       1%          2
f - Blink                 Tloc           100%       N/A       1%          2
g - Swiftness             Air            70%        N/A       1%          3
h - Mephitic Cloud        Conj/Pois/Air  70%        N/A       1%          3
i - Airstrike             Air            35%        N/A       1%          4
j - Olgreb's Toxic Radia  Pois           70%        N/A       1%          4
k - Manifold Assault      Tloc           70%        N/A       1%          5
l - Dispersal             Tloc           35%        N/A       3%          6
m - Anguish               Hex/Necr       35%        N/A       1%          4
n - Borgnjor's Vile Clut  Necr/Erth      35%        N/A       1%          5

Your spell library contained the following spells:

 Spells                   Type           Power      Damage    Failure   Level
 Beastly Appendage        Tmut           100%       N/A       1%          1
 Magic Dart               Conj           100%       1d8       1%          1
 Pain                     Necr           100%       1d9       1%          1
 Sandblast                Erth           100%       2d20      1%          1
 Shock                    Conj/Air       100%       1d9       1%          1
 Summon Small Mammal      Summ           100%       N/A       1%          1
 Corpse Rot               Necr/Air       100%       N/A       1%          2
 Ensorcelled Hibernation  Hex/Ice        100%       N/A       1%          2
 Passwall                 Tmut/Erth      58%        N/A       1%          2
 Poisonous Vapours        Pois/Air       100%       N/A       1%          2
 Searing Ray              Conj           100%       2d8       1%          2
 Call Canine Familiar     Summ           70%        N/A       1%          3
 Confusing Touch          Hex            70%        N/A       1%          3
 Conjure Flame            Conj/Fire      70%        6-21      1%          3
 Ignite Poison            Fire/Tmut/Pois 70%        N/A       1%          3
 Portal Projectile        Hex/Tloc       100%       N/A       1%          3
 Spider Form              Tmut/Pois      70%        N/A       1%          3
 Stone Arrow              Conj/Erth      100%       3d13      1%          3
 Summon Guardian Golem    Hex/Summ       70%        N/A       1%          3
 Animate Armour           Summ/Erth      100%       N/A       1%          4
 Animate Dead             Necr           35%        N/A       1%          4
 Fulminant Prism          Conj/Hex       35%        3d18      1%          4
 Ice Form                 Ice/Tmut       72%        N/A       1%          4
 Leda's Liquefaction      Hex/Erth       35%        N/A       1%          4
 Sticky Flame             Conj/Fire      70%        2d8       1%          4
 Summon Lightning Spire   Summ/Air       70%        N/A       1%          4
 Agony                    Necr           70%        N/A       1%          5
 Blade Hands              Tmut           35%        N/A       1%          5
 Excruciating Wounds      Necr           35%        N/A       1%          5
 Fireball                 Conj/Fire      35%        3d15      1%          5
 Freezing Cloud           Conj/Ice/Air   35%        6-21      1%          5
 Iskenderun's Battlesphe  Conj           70%        2d12      1%          5
 Lightning Bolt           Conj/Air       35%        1d53      1%          5
 Metabolic Englaciation   Hex/Ice        36%        N/A       1%          5
 Yara's Violent Unravell  Hex/Tmut       35%        3d14      1%          5
 Simulacrum               Ice/Necr       36%        N/A       2%          6
 Conjure Ball Lightning   Conj/Air       35%        3x3d11    3%          6
 Death Channel            Necr           35%        N/A       3%          6
 Iron Shot                Conj/Erth      35%        9d7       3%          6
 Ozocubu's Refrigeration  Ice            37%        4d12      10%         7
 Enfeeble                 Hex            35%        N/A       19%         7
 Orb of Destruction       Conj           35%        9d10      19%         7
 Spellforged Servitor     Conj/Summ      35%        N/A       19%         7
 Storm Form               Tmut/Air       35%        N/A       19%         7
 Borgnjor's Revivificati  Necr           35%        N/A       82%         8
 Disjunction              Tloc           35%        N/A       82%         8
 Ignition                 Fire           35%        3d11      82%         8
 Lehudib's Crystal Spear  Conj/Erth      35%        10d9      82%         8
 Chain Lightning          Conj/Air       35%        3d46      100%        9
 Fire Storm               Conj/Fire      35%        8d9       100%        9
 Shatter                  Erth           35%        3d28*     100%        9


Dungeon Overview and Level Annotations

Branches:
Dungeon (15/15)            Temple (1/1) D:6            Lair (6/6) D:10
  Swamp (4/4) Lair:2        Snake (4/4) Lair:3        Slime (0/5) Lair:5
    Orc (2/2) D:9             Elf (3/3) Orc:2        Vaults (5/5) D:13
  Crypt (0/3) Vaults:2     Depths (0/4) D:15

Altars:
Ashenzari
Cheibriados
Dithmenos
Elyvilon
Fedhas
Gozag
Hepliaklqana
Kikubaaqudgha
Makhleb
Nemelex Xobeh
Okawaru
Qazlal
Ru
Sif Muna
Trog
Uskayaw
Vehumet
Wu Jian
Xom
Yredelemnul
Zin
The Shining One
Beogh
Jiyva

Shops:
D:3 *   Orc:2 [:[*((![(   Elf:1 ?   Snake:1 *[(?=   Snake:2 !   Snake:3 *!
Snake:4 *   Vaults:4 (

Portals:
Trove: Vaults:2 (give +2 gold dragon scales)

Annotations:
D:3 4 runed translucent doors, Crazy Yiuf; HendSelp's ghost, amateur HuMo
D:10 2 transporters, CowFu's ghost, journeyman DjAE
Lair:2 2 runed translucent doors, Slifar's ghost, journeyman DjFE
Swamp:3 1 runed translucent door, Xonepos's ghost, adept MiFi
Elf:1 6 runed translucent doors
Elf:2 3 runed translucent doors, Roxanne
Vaults:4 3 runed translucent doors, Ceherehi's ghost, adept OgEn; Gizecwe's ghost, adept DsMo; Itsuak's ghost, adept SpBe; Wimurch's ghost, veteran GnFi; agentgt's ghost, veteran KoAK


Innate Abilities, Weirdness & Mutations

You have very sharp teeth.
Your uncanny sense of smell can sniff out nearby items.
Your experience applies equally to all skills.


Message History

The wall freezes the white very ugly thing but does no damage.
The white very ugly thing misses you.
The white very ugly thing resists.
The wall freezes the white very ugly thing.
The white very ugly thing completely resists.
The wall freezes the white very ugly thing but does no damage.
You slash the white very ugly thing!
Your bite misses the white very ugly thing.
The white very ugly thing is almost dead.
Your shadow hits the white very ugly thing but does no damage.
The jumping spider changes into a cane toad!
The wall freezes the vault warden.
The vault warden hits you from afar with a +0 bardiche!!
The white very ugly thing resists.
The wall freezes the white very ugly thing.
The white very ugly thing misses you.
The white very ugly thing resists.
The wall freezes the white very ugly thing.
The white very ugly thing completely resists.
The wall freezes the white very ugly thing but does no damage.
You slice the white very ugly thing!!
You kill the white very ugly thing!
Dithmenos accepts your kill.
The wall freezes the vault warden. x2
The vault warden hits you from afar with a +0 bardiche!!
* * * LOW HITPOINT WARNING * * *
You emit a cloud of dark smoke.
The white very ugly thing resists.
The wall freezes the white very ugly thing.
The white very ugly thing resists.
The wall freezes the white very ugly thing.
Casting: Frozen Ramparts (safe; 1% risk of failure)
Confirm with . or Enter, or press ? or * to list all spells.
A film of ice covers your body!
The wall freezes the vault warden.
You block the vault warden's attack.
The wall freezes the vault warden!
You block the vault warden's attack.
The wall freezes the cane toad!
The cane toad seems to slow down.
The white very ugly thing resists.
The wall freezes the white very ugly thing.
The white very ugly thing trunk-slaps you!
* * * LOW HITPOINT WARNING * * *
You emit a cloud of dark smoke.
The white very ugly thing freezes you!!!
You die...

,,,#.#.##.##..#...#..##.##.#.#..#
,,,#...##.##..#...#..##[##...#..#
,,,#.#.##.##..#...#.)##.##.#.#..#
,,,#..........##.##..........#..#
,,,#.#.##(##..##.##..##.##.#.#..#
...#...##.##..##§##..##.##...#..#
...#.#...|...)§.up§....[...#.#..#
...#...##.##..##u##..##.##...#..#
...#.#.##.##..##@##..##.##.#.#..#
...#.)........§p§F...........#..#
...#.#.#.#.#.#)#§#.#.#.#.#.#.#..#
................................#
.....#######################....#
........,,,,,,,,,,,,,,..........#
.........,,,,,,,,,,,,,.........(#
##########************###########


You could see 2 very ugly things, 2 vault wardens and a cane toad shaped shifter
(slow).

Vanquished Creatures
  Bai Suzhen (Vaults:3)
  Vashnia (Snake:3)
  A golden dragon (Vaults:5)
  Nikola (Snake:1)
  Jorgrun (Elf:1)
  A Hell Sentinel (Abyss:3)
  2 titans (Vaults:5)
  3 deep elf blademasters (Elf:3)
  A lich (Elf:1)
  4 sphinxes
  A deep elf master archer (Elf:3)
  An ancient champion (Vaults:2)
  A storm dragon (Vaults:5)
  A tengu reaver (Vaults:3)
  A shadow dragon (Vaults:5)
  5 tentacled starspawn (Abyss:3)
  Kirke (Snake:1)
  Donald (Snake:4)
  A revenant (Vaults:2)
  A thorn hunter (Swamp:3)
  9 nagarajas
  3 fenstrider witches
  Aizul (Snake:2)
  2 frost giants (Vaults:5)
  12 vault wardens
  15 deep elf sorcerers
  A curse skull (Elf:3)
  A deep elf elementalist (Elf:3)
  2 orc warlords
  11 ironbound preservers
  2 very ugly things (Vaults:5)
  The ghost of Psyclone the Thaumaturge, a journeyman OpIE of Gozag (Orc:2)
  A reaper (Abyss:3)
  A ghoul (Elf:3)
  2 stone giants
  A quicksilver ooze (shapeshifter) (Vaults:5)
  3 starcursed masses (Abyss:3)
  6 ironbound thunderhulks
  A vampire knight (Vaults:2)
  9 deep elf demonologists
  9 deep elf annihilators
  3 eleionomae
  A lorocyproca (Abyss:3)
  Azrael (D:14)
  11 dire elephants
  5 bunyips
  4 spectral elves (Elf:3)
  4 ettins
  9 deep elf death magi
  9 deep elf high priests
  Josephine (D:10)
  4 crystal guardians
  4 shambling mangroves
  13 yaktaur captains
  10 great orbs of eyes
  A rakshasa (Abyss:3)
  An ice dragon (Lair:6)
  19 hydras
  3 salamander tyrants
  2 peacekeepers
  An ogre mage (D:13)
  4 boulder beetles
  26 centaur warriors
  A catoblepas (D:14)
  13 naga warriors
  Erica (Orc:1)
  20 vault guards
  9 ironbound frosthearts
  3 ghost crabs
  9 two-headed ogres
  3 death knights
  A death yak (Lair:5)
  9 anacondas
  6 alligators
  A tengu warrior (D:14)
  A two-headed ogre (shapeshifter) (Vaults:1)
  2 thrashing horrors (Abyss:3)
  6 orc high priests
  A vampire mage (Elf:3)
  14 dancing weapons
  A spriggan berserker (Swamp:2)
  8 shock serpents
  10 naga sharpshooters
  Urug (Lair:3)
  A shadow wraith (Vaults:2)
  11 deep elf knights
  Sonja (Lair:4)
  2 wretched stars (Abyss:3)
  A hell knight (D:15)
  6 skeletal warriors
  A spatial maelstrom (Abyss:3)
  30 deep trolls
  8 salamander mystics
  A glowing orange brain (Abyss:3)
  4 goliath frogs
  An orb spider (shapeshifter) (Vaults:5)
  A flayed ghost (Elf:3)
  2 elf simulacra (Elf:3)
  12 lindwurms
  5 naga ritualists
  10 large abominations (Abyss:3)
  8 wizards
  7 spriggan druids
  11 swamp dragons
  5 bog bodies
  14 deep elf archers
  5 phantasmal warriors
  21 deep elf zephyrmancers
  3 necromancers
  11 ironbound convokers
  A spriggan simulacrum (Abyss:3)
  28 deep elf pyromancers
  10 orc knights
  2 wolf spiders (Lair:6)
  Pikel (D:8)
  15 salamanders
  10 will-o-the-wisps
  5 manticores
  6 mana vipers
  2 cyclopes (D:13)
  28 ugly things
  An oklob plant (Lair:3)
  7 orc sorcerers
  A stone giant skeleton (Abyss:3)
  A salamander (shapeshifter) (Elf:1)
  A worldbinder (Abyss:3)
  7 guardian serpents
  A rust devil (Abyss:3)
  A black mamba (shapeshifter) (Vaults:5)
  39 black mambas
  16 naga magi
  16 vault sentinels
  An elephant (shapeshifter) (D:14)
  A gargoyle (D:11)
  An apocalypse crab (Abyss:3)
  4 centaur skeletons (D:13)
  3 rime drakes
  A torpor snail (shapeshifter) (D:15)
  An unseen horror (D:12)
  14 cane toads
  5 torpor snails (Lair:6)
  5 komodo dragons
  A tengu conjurer (D:15)
  4 freezing wraiths
  35 yaktaurs
  6 ancient zymes (Abyss:3)
  2 red devils (Abyss:3)
  4 polar bears
  A merfolk (shapeshifter) (Vaults:3)
  24 hornets
  Prince Ribbit (Lair:2)
  9 trolls
  17 tyrant leeches
  25 raiju (Abyss:3)
  Grinder (D:3)
  17 slime creatures
  26 blink frogs
  Sigmund (D:6)
  7 flying skulls
  2 water elementals
  A shadow (D:11)
  An air elemental (Elf:1)
  8 wraiths
  3 vampires
  6 spriggans
  A ynoxinul (Abyss:3)
  32 yaks
  14 wyverns
  A golden eye (Abyss:3)
  A dire elephant simulacrum (Abyss:3)
  8 fire elementals
  A basilisk (shapeshifter) (D:15)
  A human (shapeshifter) (D:13)
  5 basilisks
  2 chaos spawn (Abyss:3)
  2 neqoxecs (Abyss:3)
  2 steam dragons
  2 redbacks (Lair:6)
  14 vampire mosquitoes
  7 wargs
  39 nagas
  13 swamp worms
  2 spatial vortices (Abyss:3)
  8 hell hounds
  25 water moccasins
  3 acid dragons
  2 ice beasts
  32 orc warriors
  4 swamp drakes (Swamp:4)
  2 black bears
  10 ogres
  5 boggarts (Vaults:3)
  5 small abominations (Abyss:3)
  14 wolves
  30 centaurs
  A centaur (shapeshifter) (D:14)
  A phantom (D:5)
  4 lemures (D:8)
  A kobold brigand (D:5)
  A necrophage (D:7)
  18 bullfrogs
  3 earth elementals
  A scorpion (D:10)
  9 wights
  4 killer bees (D:9)
  2 electric eels
  6 howler monkeys
  4 crimson imps (D:7)
  A quasit (Abyss:3)
  A gnoll shaman (D:9)
  A jelly (D:5)
  3 hounds
  16 orc priests
  Ijyb (D:3)
  4 iguanas
  Natasha (thrice) (D:2)
  16 orc wizards
  Robin (D:2)
  8 adders
  14 gnolls
  3 white imps
  2 ufetubi
  3 worms
  4 dart slugs
  77 orcs
  4 endoplasms
  3 giant cockroaches
  14 goblins
  10 hobgoblins
  6 jackals (D:1)
  3 quokkas
  6 ball pythons
  11 bats
  2 frilled lizards
  10 kobolds
  4 rats
  A spectral kobold (D:3)
  A butterfly (Lair:4)
  A lurking horror (Abyss:3)
  2 starspawn tentacles (Abyss:3)
1576 creatures vanquished.

Vanquished Creatures (collateral kills)
  An ancient lich (Vaults:5)
  A skeletal warrior (D:12)
  A phantasmal warrior (D:12)
  A freezing wraith (D:12)
4 creatures vanquished.

Vanquished Creatures (others)
  A deep elf annihilator (Elf:3)
  2 alligators (Swamp:4)
  A wretched star (Abyss:3)
  A deep troll (Vaults:1)
  A deep elf archer (Elf:3)
  A deep elf zephyrmancer (Elf:3)
  2 bloated husks
  5 humans (Snake:2)
  A swamp worm (Swamp:1)
  A harpy simulacrum (Abyss:3)
  A swamp drake (Swamp:1)
  An orc (Elf:1)
  A bush (D:10)
  66 foxfires
  62 fungi
  A lost soul (Elf:3)
  103 plants
  11 starspawn tentacles (Abyss:3)
262 creatures vanquished.

Grand Total: 1842 creatures vanquished

Notes
Turn   | Place    | Note
-------+----------+-------------------------------------------
     0 | D:1      | Zonian the Gnoll Ice Elementalist began the quest for the
                  | Orb.
     0 | D:1      | Reached XP level 1. HP: 13/13 MP: 6/6
   394 | D:1      | Reached XP level 2. HP: 16/19 MP: 4/7
  1175 | D:1      | Reached XP level 3. HP: 25/25 MP: 7/9
  1179 | D:1      | Learned a level 3 spell: Frozen Ramparts
  1183 | D:1      | Learned a level 3 spell: Ozocubu's Armour
  1361 | D:1      | Reached skill level 5 in Spellcasting
  1587 | D:2      | Noticed Robin
  2131 | D:2      | Noticed Natasha
  2140 | D:2      | Killed Natasha
  2141 | D:2      | Reached skill level 1 in Fighting
  2141 | D:2      | Reached skill level 1 in Short Blades
  2141 | D:2      | Reached skill level 1 in Long Blades
  2141 | D:2      | Reached skill level 1 in Axes
  2141 | D:2      | Reached skill level 1 in Maces & Flails
  2141 | D:2      | Reached skill level 1 in Polearms
  2141 | D:2      | Reached skill level 1 in Staves
  2141 | D:2      | Reached skill level 1 in Slings
  2141 | D:2      | Reached skill level 1 in Bows
  2141 | D:2      | Reached skill level 1 in Crossbows
  2141 | D:2      | Reached skill level 1 in Throwing
  2141 | D:2      | Reached skill level 1 in Armour
  2141 | D:2      | Reached skill level 1 in Shields
  2141 | D:2      | Reached skill level 1 in Unarmed Combat
  2141 | D:2      | Reached skill level 1 in Invocations
  2141 | D:2      | Reached skill level 1 in Evocations
  2356 | D:2      | Reached XP level 4. HP: 32/32 MP: 11/11
  2635 | D:2      | Noticed Natasha
  3045 | D:2      | Killed Robin
  3046 | D:2      | Reached skill level 1 in Conjurations
  3046 | D:2      | Reached skill level 1 in Hexes
  3046 | D:2      | Reached skill level 1 in Summonings
  3046 | D:2      | Reached skill level 1 in Necromancy
  3046 | D:2      | Reached skill level 1 in Translocations
  3046 | D:2      | Reached skill level 1 in Transmutations
  3046 | D:2      | Reached skill level 1 in Fire Magic
  3046 | D:2      | Reached skill level 1 in Air Magic
  3046 | D:2      | Reached skill level 1 in Earth Magic
  3046 | D:2      | Reached skill level 1 in Poison Magic
  3422 | D:2      | Killed Natasha
  3423 | D:2      | Reached XP level 5. HP: 31/37 MP: 10/12
  3439 | D:2      | Noticed Natasha
  3448 | D:2      | Killed Natasha
  3813 | D:3      | Found Jota's Assorted Antiques.
  3828 | D:3      | Bought a dark potion for 23 gold pieces
  3828 | D:3      | Bought a scroll labelled JITID NIUTIN for 26 gold pieces
  3828 | D:3      | Bought a murky ruby potion for 23 gold pieces
  3828 | D:3      | Bought a scroll labelled JITID NIUTIN for 26 gold pieces
  3828 | D:3      | Bought a green potion for 23 gold pieces
  3924 | D:3      | Noticed Ijyb
  4103 | D:3      | Killed Ijyb
  4293 | D:3      | Found a faded altar of an unknown god.
  4375 | D:3      | Reached XP level 6. HP: 39/44 MP: 9/13
  4464 | D:3      | Found a runed translucent door.
  4465 | D:3      | Noticed Crazy Yiuf
  4492 | D:3      | Noticed Grinder
  4705 | D:3      | Found a runed translucent gate.
  4705 | D:3      | Found a runed translucent gate.
  4717 | D:3      | Killed Grinder
  4718 | D:3      | Reached skill level 2 in Polearms
  4718 | D:3      | Reached skill level 5 in Dodging
  4718 | D:3      | Reached XP level 7. HP: 33/50 MP: 11/15
  4719 | D:3      | Found a runed translucent gate.
  4722 | D:3      | Noticed HendSelp's ghost (amateur HuMo)
  5059 | D:4      | Learned a level 4 spell: Hailstorm
  5587 | D:4      | Found a blossoming altar of Fedhas.
  5839 | D:5      | Entered Level 5 of the Dungeon
  6272 | D:5      | Reached skill level 5 in Stealth
  6415 | D:5      | Reached XP level 8. HP: 44/57 MP: 16/16
  6637 | D:5      | Reached skill level 3 in Polearms
  7391 | D:6      | Found a staircase to the Ecumenical Temple.
  7409 | Temple   | Entered the Ecumenical Temple
  7649 | Temple   | Became a worshipper of Dithmenos the Shadowed
  7719 | D:6      | Found a broken altar of Ashenzari.
  8099 | D:6      | Learned a level 2 spell: Wereblood
  8183 | D:6      | Noticed Sigmund
  8186 | D:6      | Killed Sigmund
  8440 | D:6      | Found a shimmering blue altar of Sif Muna.
  8925 | D:6      | Found a hide-covered altar of Uskayaw.
  8930 | D:6      | Reached XP level 9. HP: 60/65 MP: 18/18
  9406 | D:7      | Reached skill level 4 in Polearms
  9840 | D:7      | Found a shimmering altar of Xom.
 10781 | D:8      | Found a burning altar of Makhleb.
 11037 | D:8      | Reached skill level 5 in Invocations
 11317 | D:8      | Reached * piety under Dithmenos
 11317 | D:8      | Noticed Pikel
 11318 | D:8      | Reached skill level 5 in Polearms
 11454 | D:8      | Reached XP level 10. HP: 73/73 MP: 20/20
 12058 | D:8      | Killed Pikel
 12059 | D:8      | Reached skill level 5 in Fighting
 12059 | D:8      | Reached skill level 5 in Short Blades
 12059 | D:8      | Reached skill level 5 in Long Blades
 12059 | D:8      | Reached skill level 5 in Axes
 12059 | D:8      | Reached skill level 5 in Maces & Flails
 12059 | D:8      | Reached skill level 5 in Staves
 12059 | D:8      | Reached skill level 5 in Slings
 12059 | D:8      | Reached skill level 5 in Bows
 12059 | D:8      | Reached skill level 5 in Crossbows
 12059 | D:8      | Reached skill level 5 in Throwing
 12059 | D:8      | Reached skill level 5 in Armour
 12059 | D:8      | Reached skill level 5 in Shields
 12059 | D:8      | Reached skill level 5 in Unarmed Combat
 12059 | D:8      | Reached skill level 5 in Evocations
 12122 | D:8      | Noticed a two-headed ogre
 12136 | D:8      | Killed a two-headed ogre
 12278 | D:9      | Reached skill level 6 in Polearms
 12341 | D:9      | Noticed a two-headed ogre
 12357 | D:9      | Killed a two-headed ogre
 12579 | D:9      | Learned a level 2 spell: Blink
 12583 | D:9      | Learned a level 3 spell: Swiftness
 12785 | D:9      | Found a staircase to the Orcish Mines.
 13396 | D:9      | Found an opulent altar of Gozag.
 13628 | D:10     | Entered Level 10 of the Dungeon
 14012 | D:10     | Found a transporter.
 14012 | D:10     | Noticed a gargoyle
 14277 | D:10     | Noticed a boulder beetle
 14277 | D:10     | Noticed CowFu's ghost (journeyman DjAE)
 14311 | D:10     | Noticed Josephine
 14342 | D:10     | Reached XP level 11. HP: 64/81 MP: 18/22
 14345 | D:10     | Reached skill level 7 in Polearms
 14679 | D:10     | Noticed a four-headed hydra
 14682 | D:10     | Reached skill level 5 in Conjurations
 14682 | D:10     | Reached skill level 5 in Hexes
 14682 | D:10     | Reached skill level 5 in Summonings
 14682 | D:10     | Reached skill level 5 in Necromancy
 14682 | D:10     | Reached skill level 5 in Translocations
 14682 | D:10     | Reached skill level 5 in Transmutations
 14682 | D:10     | Reached skill level 5 in Fire Magic
 14682 | D:10     | Reached skill level 5 in Air Magic
 14682 | D:10     | Reached skill level 5 in Earth Magic
 14682 | D:10     | Reached skill level 5 in Poison Magic
 14887 | D:10     | Found a transporter.
 14914 | D:9      | Reached ** piety under Dithmenos
 15009 | D:10     | Killed Josephine
 15503 | D:10     | Found a staircase to the Lair.
 15797 | D:10     | Learned a level 3 spell: Mephitic Cloud
 15829 | D:10     | Found the +1 robe of Vines {NoPotionHeal Regen++++}
 16051 | Lair:1   | Entered Level 1 of the Lair of Beasts
 16070 | Lair:1   | Reached skill level 8 in Polearms
 16125 | Lair:1   | Noticed an eight-headed hydra
 16129 | Lair:1   | Killed an eight-headed hydra
 16315 | Lair:1   | Noticed an eight-headed hydra
 16333 | Lair:1   | Killed an eight-headed hydra
 16428 | Lair:1   | Reached XP level 12. HP: 89/89 MP: 20/24
 16792 | Lair:2   | Noticed a seven-headed hydra
 16796 | Lair:2   | Identified the +4 hand axe "Wyuxiwk" {vorpal, Fragile rF+++
                  | Will+ SInv}
 16810 | Lair:2   | Killed a seven-headed hydra
 16882 | Lair:2   | Reached skill level 9 in Polearms
 17239 | Lair:2   | Noticed a seven-headed hydra
 17265 | Lair:2   | Killed a seven-headed hydra
 17287 | Lair:2   | Noticed a seven-headed hydra
 17491 | Lair:2   | Found a large runed translucent door.
 17491 | Lair:2   | Found a large runed translucent door.
 17495 | Lair:2   | Noticed Prince Ribbit
 17509 | Lair:2   | Killed Prince Ribbit
 17514 | Lair:2   | Reached *** piety under Dithmenos
 17683 | Lair:2   | Reached skill level 10 in Polearms
 17683 | Lair:2   | Reached XP level 13. HP: 98/98 MP: 26/26
 17710 | Lair:2   | Reached skill level 11 in Polearms
 17710 | Lair:2   | Reached skill level 10 in Ice Magic
 17710 | Lair:2   | Reached XP level 14. HP: 106/106 MP: 27/27
 17716 | Lair:2   | Learned a level 4 spell: Airstrike
 17721 | Lair:2   | Learned a level 4 spell: Olgreb's Toxic Radiance
 18200 | Lair:2   | Reached skill level 10 in Spellcasting
 18491 | Lair:2   | Found a staircase to the Swamp.
 18557 | Lair:2   | Noticed Slifar's ghost (journeyman DjFE)
 19264 | Lair:3   | Noticed Urug
 19624 | Lair:3   | Reached **** piety under Dithmenos
 19678 | Lair:3   | Killed Urug
 19679 | Lair:3   | Reached skill level 10 in Dodging
 19720 | Lair:3   | Found a staircase to the Snake Pit.
 20383 | Lair:4   | Noticed Sonja
 20384 | Lair:4   | Killed Sonja
 20426 | Lair:4   | Reached XP level 15. HP: 95/112 MP: 29/29
 20438 | Lair:4   | Reached skill level 10 in Stealth
 20769 | Lair:4   | Found a sacrificial altar of Ru.
 21061 | Lair:5   | Reached skill level 12 in Polearms
 21061 | Lair:5   | Reached skill level 10 in Invocations
 21109 | Lair:5   | Found a staircase to the Slime Pits.
 21109 | Lair:5   | Found a viscous altar of Jiyva.
 21128 | Lair:5   | Reached ***** piety under Dithmenos
 21792 | Lair:6   | Entered Level 6 of the Lair of Beasts
 21798 | Lair:6   | Found a frozen archway.
 21936 | Lair:6   | HP: 2/113 [cane toad (10)]
 22286 | Lair:6   | Found a runed translucent door.
 23888 | D:11     | Reached ****** piety under Dithmenos
 24410 | D:11     | Reached skill level 13 in Polearms
 24766 | D:12     | Reached skill level 10 in Fighting
 24766 | D:12     | Reached skill level 10 in Short Blades
 24766 | D:12     | Reached skill level 10 in Long Blades
 24766 | D:12     | Reached skill level 10 in Axes
 24766 | D:12     | Reached skill level 10 in Maces & Flails
 24766 | D:12     | Reached skill level 10 in Staves
 24766 | D:12     | Reached skill level 10 in Slings
 24766 | D:12     | Reached skill level 10 in Bows
 24766 | D:12     | Reached skill level 10 in Crossbows
 24766 | D:12     | Reached skill level 10 in Throwing
 24766 | D:12     | Reached skill level 10 in Armour
 24766 | D:12     | Reached skill level 10 in Shields
 24766 | D:12     | Reached skill level 10 in Unarmed Combat
 24766 | D:12     | Reached skill level 10 in Evocations
 25254 | D:12     | Reached XP level 16. HP: 103/122 MP: 26/31
 25617 | D:13     | Identified a scroll of acquirement
 25618 | D:13     | Acquired a +8 hand crossbow of flaming
 26146 | D:13     | Identified the ring "Saxziycw" {rC- Str+6 Dex+8 SInv}
 26190 | D:13     | Found a gate to the Vaults.
 26353 | D:13     | Identified the +3 rapier of Fresh Subterfuge {freeze, Drain
                  | Will+ MP+9}
 26600 | D:14     | Noticed Azrael
 26620 | D:14     | Killed Azrael
 26892 | D:14     | Reached skill level 14 in Polearms
 27200 | D:15     | Entered Level 15 of the Dungeon
 27266 | D:15     | Learned a level 5 spell: Manifold Assault
 27369 | D:15     | Found a staircase to the Depths.
 27725 | D:15     | Found a stormy altar of Qazlal.
 28222 | D:15     | Upgraded the game from 0.29-a0-341-g24ffce5b50 to
                  | 0.29-a0-344-ge2f44be95a
 28391 | Orc:1    | Entered Level 1 of the Orcish Mines
 28437 | Orc:1    | Reached XP level 17. HP: 120/130 MP: 23/33
 28479 | Orc:1    | Noticed Erica
 28489 | Orc:1    | Killed Erica
 28754 | Orc:2    | Entered Level 2 of the Orcish Mines
 28754 | Orc:2    | Found Ummu's Antique Weapon Emporium.
 28758 | Orc:2    | Bought a scorched dagger for 210 gold pieces
 28758 | Orc:2    | Identified the +9 dagger of the Past {venom, rPois rC+++
                  | Will-} (You bought it in a shop on level 2 of the Orcish
                  | Mines)
 28820 | Orc:2    | Found Qycvuim's Antique Armour Emporium.
 28963 | Orc:2    | Found Lene's General Store.
 29352 | Orc:2    | Bought a potion of haste for 120 gold pieces
 29614 | Orc:2    | Found Emidom's Distillery.
 29623 | Orc:2    | Bought a potion of curing for 42 gold pieces
 29623 | Orc:2    | Bought a potion of haste for 140 gold pieces
 29623 | Orc:2    | Bought a potion of curing for 42 gold pieces
 29681 | Orc:2    | Found Jefiug's Book Boutique.
 29689 | Orc:2    | Bought a glowing helmet for 270 gold pieces
 29738 | Orc:2    | Found Becwigry's Armour Shoppe.
 29771 | Orc:2    | Bought a +1 helmet of intelligence for 198 gold pieces
 30016 | Orc:2    | Found a runed translucent door.
 30022 | Orc:2    | Found a staircase to the Elven Halls.
 30026 | Orc:2    | Noticed Psyclone's ghost (journeyman OpIE)
 30035 | Orc:2    | Killed Psyclone's ghost
 30060 | Orc:2    | Found Ihisk's Antique Weapon Shoppe.
 30352 | Orc:2    | Found Wastra Septe's Armour Emporium.
 30360 | Orc:2    | Bought a +0 pair of boots of flying for 207 gold pieces
 30375 | Orc:2    | Found Hoang's Weapon Shoppe.
 30504 | Snake:1  | Entered Level 1 of the Snake Pit
 30825 | Snake:1  | Noticed Aizul
 30949 | Snake:1  | Reached skill level 15 in Polearms
 31450 | Snake:1  | Found Zaerphuo's General Store.
 31454 | Snake:1  | Found Samacaz's Armour Emporium.
 31461 | Snake:1  | Bought a scroll of blinking for 90 gold pieces
 31468 | Snake:1  | Found Inivanga's Weapon Shoppe.
 31472 | Snake:1  | Found Riapedgh's Jewellery Emporium.
 31472 | Snake:1  | Found Vedusuv's Magic Scroll Boutique.
 31483 | Snake:1  | Bought 2 scrolls of teleportation for 90 gold pieces
 31483 | Snake:1  | Bought a scroll of blinking for 112 gold pieces
 31488 | Snake:1  | Bought the amulet of Huon {RegenMP rF+ Str+6} for 622 gold
                  | pieces
 31763 | Snake:2  | Killed Aizul
 32243 | Snake:2  | Noticed Kirke
 32327 | Snake:1  | Killed Kirke
 32347 | Snake:1  | Identified the +0 pair of gloves "Puuha" {Regen+ Str+6}
 32347 | Snake:1  | Noticed Nikola
 32365 | Snake:1  | Killed Nikola
 33739 | Snake:2  | Found Ryuj Kun's Distillery.
 33991 | Snake:2  | Bought a potion of haste for 120 gold pieces
 34492 | Snake:3  | Reached XP level 18. HP: 130/139 MP: 23/34
 34589 | Snake:3  | Found Itaovut's Distillery.
 34592 | Snake:3  | Noticed Vashnia
 34610 | Snake:3  | Reached skill level 10 in Conjurations
 34610 | Snake:3  | Reached skill level 10 in Hexes
 34610 | Snake:3  | Reached skill level 10 in Summonings
 34610 | Snake:3  | Reached skill level 10 in Necromancy
 34610 | Snake:3  | Reached skill level 10 in Translocations
 34610 | Snake:3  | Reached skill level 10 in Transmutations
 34610 | Snake:3  | Reached skill level 10 in Fire Magic
 34610 | Snake:3  | Reached skill level 10 in Air Magic
 34610 | Snake:3  | Reached skill level 10 in Earth Magic
 34610 | Snake:3  | Reached skill level 10 in Poison Magic
 34644 | Snake:3  | Killed Vashnia
 34892 | Snake:3  | Found Rueff's Assorted Antiques.
 34897 | Snake:3  | Bought a potion of invisibility for 104 gold pieces
 35002 | Snake:3  | Bought a scroll of fog for 62 gold pieces
 35252 | Snake:3  | Learned a level 6 spell: Dispersal
 35542 | Snake:4  | Entered Level 4 of the Snake Pit
 35567 | Snake:4  | Reached skill level 16 in Polearms
 36443 | Snake:4  | Found Limir's Assorted Antiques.
 36502 | Snake:4  | Bought an emerald potion for 28 gold pieces
 36507 | Snake:4  | Bought a small silver ring for 160 gold pieces
 36652 | Snake:4  | Noticed Donald
 36706 | Snake:4  | Killed Donald
 37655 | Snake:4  | Got a serpentine rune of Zot
 37749 | Snake:4  | Upgraded the game from 0.29-a0-344-ge2f44be95a to
                  | 0.29-a0-352-g0917bc69df
 37937 | Swamp:1  | Entered Level 1 of the Swamp
 38678 | Swamp:1  | Reached XP level 19. HP: 141/143 MP: 36/36
 39682 | Swamp:3  | Reached skill level 17 in Polearms
 39719 | Swamp:3  | Found a runed translucent door.
 39720 | Swamp:3  | Found a shimmering altar of Xom.
 39720 | Swamp:3  | Noticed Xonepos's ghost (adept MiFi)
 39843 | Swamp:3  | Paralysed by a fenstrider witch for 3 turns
 40029 | Swamp:3  | Learned a level 4 spell: Anguish
 40096 | Swamp:3  | Found a snail-covered altar of Cheibriados.
 40292 | Swamp:4  | Entered Level 4 of the Swamp
 41064 | Swamp:4  | Paralysed by a fenstrider witch for 2 turns
 42012 | Swamp:4  | Got a decaying rune of Zot
 42461 | Elf:1    | Entered Level 1 of the Elven Halls
 42478 | Elf:1    | Found a radiant altar of Vehumet.
 42605 | Elf:1    | Identified the +8 war axe "Grim Tooth" {drain, Fly}
 42676 | Elf:1    | Found Vualawe's Magic Scroll Boutique.
 42683 | Elf:1    | Bought a scroll of holy word for 112 gold pieces
 42683 | Elf:1    | Bought a scroll of blinking for 112 gold pieces
 42731 | Elf:1    | Noticed Jorgrun
 42739 | Elf:1    | Killed Jorgrun
 43109 | Elf:1    | Noticed a Tzitzimitl
 43129 | Elf:1    | Reached XP level 20. HP: 156/156 MP: 31/38
 43280 | Elf:1    | Noticed a Tzitzimitl
 43280 | Elf:1    | Cast into level 3 of the Abyss (a deep elf demonologist)
 43280 | Abyss:3  | Found a corrupted altar of Lugonu.
 43463 | Abyss:3  | Paralysed by a great orb of eyes for 6 turns
 43822 | Elf:1    | Escaped the Abyss
 43994 | Elf:1    | Found a runed translucent gate.
 43994 | Elf:1    | Found a runed translucent gate.
 43994 | Elf:1    | Found a runed translucent gate.
 43994 | Elf:1    | Found a runed translucent gate.
 43994 | Elf:1    | Found a runed translucent gate.
 43997 | Elf:1    | Found a runed translucent gate.
 44013 | Elf:1    | Got the Handbook of Ashen Dark Magic
 44502 | Elf:2    | Reached skill level 18 in Polearms
 44767 | Elf:2    | Found a runed translucent gate.
 44767 | Elf:2    | Found a runed translucent gate.
 44767 | Elf:2    | Found a runed translucent gate.
 44929 | Elf:2    | Identified Roxanne's Collected Works on the Mountains
 44929 | Elf:2    | Noticed Roxanne
 45243 | Elf:3    | Entered Level 3 of the Elven Halls
 45830 | Vaults:1 | Entered Level 1 of the Vaults
 47735 | Vaults:1 | Reached skill level 15 in Invocations
 48101 | Vaults:1 | Identified the ring "Uxkug" {Fly rF++ rC+ Slay+4}
 48488 | Elf:3    | Noticed a Tzitzimitl
 48840 | Elf:3    | Noticed a Tzitzimitl
 48842 | Elf:3    | Noticed a Tzitzimitl
 48984 | Elf:3    | Reached XP level 21. HP: 164/164 MP: 25/39
 48999 | Elf:3    | Learned a level 5 spell: Borgnjor's Vile Clutch
 49886 | Elf:3    | Identified the +5 halberd of the Orcish Mines {vorpal, rC-
                  | Will+ Dex+4}
 49906 | Elf:3    | Reached skill level 19 in Polearms
 50007 | Elf:3    | Identified the +5 rapier "Rofim" {vamp, rElec rPois}
 50007 | Elf:3    | Identified the +0 leather armour of Ulinaynt {rPois rCorr
                  | Int-4}
 50018 | Elf:3    | Reached skill level 15 in Spellcasting
 50070 | Elf:3    | Identified the +0 ring mail of the Ditch-Digger {rElec
                  | rPois rCorr}
 50125 | Elf:3    | Identified the +9 mace of Kismet {speed, Int+9 Dex-3}
 50949 | Elf:3    | Reached skill level 15 in Dodging
 51669 | Vaults:2 | Reached skill level 15 in Stealth
 51669 | Vaults:2 | Paralysed by a sphinx for 3 turns
 52123 | Vaults:2 | Reached XP level 22. HP: 173/173 MP: 41/41
 52717 | Vaults:2 | Found a staircase to the Crypt.
 53420 | Vaults:2 | Paralysed by a great orb of eyes for 5 turns
 53658 | Vaults:2 | Found a portal to a secret trove of treasure.
 54264 | Vaults:3 | Identified the ring "Mafymp" {Wiz Int+4}
 54371 | Vaults:3 | Reached skill level 20 in Polearms
 54401 | Vaults:3 | Noticed Bai Suzhen
 54427 | Vaults:3 | Killed Bai Suzhen
 54752 | Vaults:3 | Reached skill level 15 in Fighting
 54752 | Vaults:3 | Reached skill level 15 in Short Blades
 54752 | Vaults:3 | Reached skill level 15 in Long Blades
 54752 | Vaults:3 | Reached skill level 15 in Axes
 54752 | Vaults:3 | Reached skill level 15 in Maces & Flails
 54752 | Vaults:3 | Reached skill level 15 in Staves
 54752 | Vaults:3 | Reached skill level 15 in Slings
 54752 | Vaults:3 | Reached skill level 15 in Bows
 54752 | Vaults:3 | Reached skill level 15 in Crossbows
 54752 | Vaults:3 | Reached skill level 15 in Throwing
 54752 | Vaults:3 | Reached skill level 15 in Armour
 54752 | Vaults:3 | Reached skill level 15 in Shields
 54752 | Vaults:3 | Reached skill level 15 in Unarmed Combat
 54752 | Vaults:3 | Reached skill level 15 in Evocations
 54898 | Vaults:3 | Paralysed by a sphinx for 4 turns
 55304 | Vaults:3 | Identified the +2 cloak "Luaf" {Dex+2}
 56199 | Vaults:4 | Cast into level 3 of the Abyss (a wizard)
 56201 | Abyss:3  | Found a corrupted altar of Lugonu.
 56215 | Abyss:3  | Found a corrupted altar of Lugonu.
 56386 | Abyss:3  | Found a corrupted altar of Lugonu.
 56888 | Abyss:3  | Noticed an ancient lich
 56894 | Vaults:4 | Escaped the Abyss
 57048 | Vaults:4 | Acquired the amulet "Wuoneg" {Acrobat Fragile rElec rC+
                  | MP+9}
 57182 | Vaults:4 | Found a runed translucent gate.
 57183 | Vaults:4 | Found a runed translucent gate.
 57183 | Vaults:4 | Noticed Itsuak's ghost (adept SpBe)
 57184 | Vaults:4 | Found a runed translucent gate.
 57185 | Vaults:4 | Noticed Gizecwe's ghost (adept DsMo)
 57186 | Vaults:4 | Noticed Wimurch's ghost (veteran GnFi)
 57187 | Vaults:4 | Noticed agentgt's ghost (veteran KoAK)
 57188 | Vaults:4 | Noticed Ceherehi's ghost (adept OgEn)
 57481 | Vaults:4 | Found Zuxiqy's Weapon Shoppe.
 58248 | Vaults:5 | Entered Level 5 of the Vaults
 58544 | Vaults:5 | Identified the ring of the Sunfish {rPois Int+3 Stlth-}
 58553 | Vaults:5 | Noticed an ancient lich
 58568 | Vaults:5 | Killed an ancient lich
 58597 | Vaults:5 | Reached XP level 23. HP: 181/181 MP: 40/43
 58612 | Vaults:5 | Noticed a golden dragon
 58625 | Vaults:5 | Killed a golden dragon
 59359 | Vaults:5 | Slain by a white very ugly thing

Illustrated notes

Levels and vault maps discovered:
D:1:      amcnicky_arrival_underground_garden, layout_loops_ring
D:2:      layout_basic, uniq_natasha, uniq_robin
D:3:      layout_rooms, serial_shops, nicolae_shop_overgrown_old_shop,
          dreamdust_ecumenical_altar_drowned_temple, gammafunk_ghost_necromancy,
          kennysheep_generic_room_6, uniq_crazy_yiuf_cottage, uniq_grinder,
          uniq_ijyb
D:4:      layout_loops_ring, mainiacjoe_overflow_alcove_1,
          chequers_serial_rivers_room_a
D:5:      layout_loops_cross, nicolae_concentric_dashed_squares_wild
D:6:      layout_layer_cave, mainiacjoe_overflow_brackets,
          mainiacjoe_overflow_big_doors, minmay_temple_entry_trees, uniq_sigmund
D:7:      layout_cave_pools, led_xom_imps
D:8:      layout_cave_pools, kennysheep_mini, nicolae_water_bricks,
          minmay_manual_mares, uniq_pikel
D:9:      layout_loops_corners, lemuel_round_altar, orc_0_dummy
D:10:     layout_basic, minmay_lair_entry_grove, gammafunk_ghost_arena,
          hellmonk_guarded_unrand_vines, uniq_josephine
D:11:     layout_basic, special_room [special_room_orc]
D:12:     layout_long_grid
D:13:     layout_loops_ring, hangedman_vaults_entry_quadrant_bands
D:14:     layout_big_octagon, amcnicky_mini_pool_small, uniq_azrael
D:15:     hangedman_depths_entry_civil_slaughter, layout_loops_corners,
          nicolae_qazlal_scattered_showers, chequers_decorated_corner, hex_tiny
Temple:   regret_index_temple_waves
Lair:1:   layout_roguey, lemuel_fruit_tree
Lair:2:   layout_chaotic_city, palyth_hydra_swamp_entry,
          ebering_ghost_disaster_area, serial_bayou_pond_c, dreamdust_wasp_nest,
          grunt_megastairs_3, uniq_prince_ribbit2
Lair:3:   layout_chaotic_city, guppyfry_snake_entry_garden, uniq_urug
Lair:4:   layout_roguey, basic_altar, gauntlet_entry_generic,
          serial_bayou_ford_a, lemuel_fruit_fields, uniq_sonja
Lair:5:   layout_loops_ring, slime_altar_1, beast_lair_carwin_5
Lair:6:   hangedman_lair_tendril_chambers, layout_regular_city, wormcave,
          portal_ice_cave_entry_pillars_1, minivault_11
Swamp:1:  layout_basic_swamp, hangedman_swamp_diagram, swamp_pool2,
          nicolae_swamp_wisp_ring_woods
Swamp:2:  layout_basic_swamp, serial_swamp_ruin, evilmike_swamp_ruin_rubble_2,
          evilmike_swamp_ruin_house_3, evilmike_swamp_ruin_house_1, swamp_pool5
Swamp:3:  layout_basic_swamp, ebering_ghost_xom, basic_altar
Swamp:4:  swamp_basic_johnstein, layout_basic_swamp, swamp_pool4
Snake:1:  layout_onion_interference, nicolae_snake_serpentine_bazaar,
          uniq_aizul, uniq_nikola
Snake:2:  layout_rooms, serial_shops, nicolae_shop_waterfront, drop_trap,
          hangedman_snake_corridor_cut, uniq_kirke
Snake:3:  layout_onion_interference, minmay_shoptagon, uniq_vashnia
Snake:4:  grunt_snake_rune_serpentine_throne, layout_onion_interference,
          serial_shops, nicolae_shop_competitors_out_of_business, uniq_donald
Orc:1:    layout_caves, basic_altar, nicolae_orc_crystal_geode, uniq_erica
Orc:2:    grunt_orc_gardens, layout_diamond_mine, grunt_orc_garden,
          grunt_orc_garden, grunt_orc_garden, grunt_orc_garden,
          ebering_ghost_reflecting_pool, serial_shops,
          nicolae_shop_hallway_stairs, nicolae_diamond_shop, shop_fountains,
          shop, shop_fountains
Elf:1:    eino_elf_arrival_altar, layout_geoelf_octagon, serial_shops, shop,
          serial_sigils, serial_sigils_hangedman_quiver,
          serial_sigils_hangedman_gut, serial_sigils_hangedman_writhe,
          serial_sigils_hangedman_scratch, serial_sigils_hangedman_confine,
          orc_legates, uniq_jorgrun
Elf:2:    nicolae_elf_blades_splatter_lattice [nicolae_blade_bullseye],
          layout_loops_corners, uniq_roxanne
Elf:3:    minmay_elf_hall_four_x, layout_loops_ring, nicolae_elf_deep_mausoleum
Vaults:1: nicolae_vaults_theta, vaults_dpeg_cross, v_misc_15,
          nicolae_vaults_network_star, ontoclasm_vaults_decontamination,
          v_alt_pattern_6, hangedman_vaults_maws, vaults_room_grid, v_misc_22,
          ontoclasm_vaults_ring_square, hangedman_vaults_snaps,
          layout_vaults_big_room
Vaults:2: nicolae_vaults_know_your_exits, grunt_vaults_funnel,
          minmay_crypt_entry_simple_statues, nicolae_vaults_network_s,
          nicolae_vaults_little_squares_2, v_misc_28, vaults_room_fours,
          nicolae_vaults_mini_display_case, nicolae_vaults_back_hallway,
          v_pattern_2, nicolae_vaults_circle_grid_b, layout_vaults_maze_bifur,
          nicolae_trove_entry_columns
Vaults:3: ontoclasm_vaults_spin, hangedman_vaults_variations, vaults_mumra_lcd,
          nicolae_vaults_three_branches, nicolae_vaults_network_square,
          grunt_vaults_twisty, ontoclasm_vaults_ligature, vaults_mumra_hexcomb,
          vaults_room_hangedman_quadrants, vaults_room_semicircle,
          layout_vaults_big_cross, uniq_bai_suzhen
Vaults:4: gammafunk_ghost_cemetery, hangedman_vaults_restitches,
          ontoclasm_vaults_shuriken, vaults_room_semicircle,
          hangedman_vaults_impose, ontoclasm_vaults_chip,
          layout_vaults_quadrants, serial_shops, nicolae_shop_trees
Vaults:5

Skill      XL: |  1  2  3  4  5  6  7  8  9 10 11 12 13 14 15 16 17 18 19 20 21 22 23 |
---------------+----------------------------------------------------------------------+-----
Spellcasting   | 5 6 7 8 9 10 11 12 13 14 15 16 | 16.1
Fighting       | 1 2 3 4 5 6 8 10 11 12 13 14 15 | 15.4
Short Blades   | 1 2 3 4 5 6 8 10 11 12 13 14 15 | 15.4
Long Blades    | 1 2 3 4 5 6 8 10 11 12 13 14 15 | 15.4
Axes           | 1 2 3 4 5 6 8 10 11 12 13 14 15 | 15.4
Maces & Flails | 1 2 3 4 5 6 8 10 11 12 13 14 15 | 15.4
Polearms       | 1 2 3 5 6 8 10 11 13 14 15 16 17 18 19 20 | 20.7
Staves         | 1 2 3 4 5 6 8 10 11 12 13 14 15 | 15.4
Slings         | 1 2 3 4 5 6 8 10 11 12 13 14 15 | 15.4
Bows           | 1 2 3 4 5 6 8 10 11 12 13 14 15 | 15.4
Crossbows      | 1 2 3 4 5 6 8 10 11 12 13 14 15 | 15.4
Throwing       | 1 2 3 4 5 6 8 10 11 12 13 14 15 | 15.4
Armour         | 1 2 3 4 5 6 8 10 11 12 13 14 15 | 15.4
Shields        | 1 2 3 4 5 6 8 10 11 12 13 14 15 | 15.4
Unarmed Combat | 1 2 3 4 5 6 8 10 11 12 13 14 15 | 15.4
Invocations    | 1 2 3 4 5 6 7 8 9 10 11 12 13 14 15 16 | 16.7
Evocations     | 1 2 3 4 5 6 8 10 11 12 13 14 15 | 15.4
Conjurations   | 1 2 3 4 5 6 7 8 9 10 11 12 13 | 13.1
Hexes          | 1 2 3 4 5 6 7 8 9 10 11 12 13 | 13.1
Summonings     | 1 2 3 4 5 6 7 8 9 10 11 12 13 | 13.1
Necromancy     | 1 2 3 4 5 6 7 8 9 10 11 12 13 | 13.1
Translocations | 1 2 3 4 5 6 7 8 9 10 11 12 13 | 13.1
Transmutations | 1 2 3 4 5 6 7 8 9 10 11 12 13 | 13.1
Fire Magic     | 1 2 3 4 5 6 7 8 9 10 11 12 13 | 13.1
Air Magic      | 1 2 3 4 5 6 7 8 9 10 11 12 13 | 13.1
Earth Magic    | 1 2 3 4 5 6 7 8 9 10 11 12 13 | 13.1
Poison Magic   | 1 2 3 4 5 6 7 8 9 10 11 12 13 | 13.1
Dodging        | 5 6 7 8 9 10 11 12 13 14 15 16 | 16.0
Stealth        | 5 6 7 8 9 10 11 12 13 14 15 | 15.9
Ice Magic      | 8 9 10 11 12 13 14 | 14.8

Action                   |  1- 3 |  4- 6 |  7- 9 | 10-12 | 13-15 | 16-18 | 19-21 | 22-24 || total
-------------------------+-------+-------+-------+-------+-------+-------+-------+-------++-------
Melee: Hand axe          |    55 |    54 |   185 |    24 |       |       |       |       ||   318
       Bite              |     7 |    10 |    30 |    77 |   134 |   256 |   318 |   261 ||  1093
       Punch             |     1 |     1 |       |       |       |       |       |       ||     2
       Dagger            |       |    15 |   100 |    83 |    23 |   888 |   378 |   466 ||  1953
       Spear             |       |       |       |   471 |   204 |       |       |       ||   675
       Demon trident     |       |       |       |       |   729 |   528 |  1464 |   146 ||  2867
       War axe           |       |       |       |       |       |       |       |   240 ||   240
       Rapier            |       |       |       |       |       |       |       |   179 ||   179
       Mace              |       |       |       |       |       |       |       |    11 ||    11
 Fire: Hand crossbow     |       |       |       |       |       |   270 |    88 |    20 ||   378
Throw: Dart              |       |     6 |     6 |    11 |     1 |       |       |       ||    24
       Throwing net      |       |       |     1 |       |       |       |     2 |       ||     3
       Javelin           |       |       |       |       |     2 |     3 |       |       ||     5
 Cast: Freeze            |    23 |    41 |    24 |       |     3 |       |       |       ||    91
       Frozen Ramparts   |       |     3 |    27 |    39 |    30 |    52 |    19 |     2 ||   172
       Ozocubu's Armour  |       |       |     3 |     9 |     7 |     5 |     3 |     1 ||    28
       Hailstorm         |       |       |     2 |     6 |    10 |    62 |    12 |     4 ||    96
       Olgreb's Toxic Ra |       |       |       |       |     6 |    36 |       |     3 ||    45
       Mephitic Cloud    |       |       |       |       |     4 |     3 |     3 |     2 ||    12
       Airstrike         |       |       |       |       |     3 |   106 |   126 |     7 ||   242
       Blink             |       |       |       |       |     2 |     8 |     6 |     2 ||    18
       Manifold Assault  |       |       |       |       |       |    20 |     5 |       ||    25
       Swiftness         |       |       |       |       |       |     4 |     3 |       ||     7
       Dispersal         |       |       |       |       |       |       |    10 |    25 ||    35
       Anguish           |       |       |       |       |       |       |     9 |     2 ||    11
       Wereblood         |       |       |       |       |       |       |     4 |     3 ||     7
       Borgnjor's Vile C |       |       |       |       |       |       |     7 |    15 ||    22
Evoke: Wand              |       |     2 |     4 |     2 |     8 |    20 |    18 |       ||    54
       Tin of tremorston |       |       |       |       |     1 |     2 |     7 |     3 ||    13
       Condenser vane    |       |       |       |       |       |       |     2 |       ||     2
       Phantom mirror    |       |       |       |       |       |       |     1 |       ||     1
  Use: Scroll            |       |     6 |    10 |     6 |     9 |    10 |    18 |    12 ||    71
       Potion            |       |       |     1 |     2 |     3 |       |     5 |    10 ||    21
 Stab: Sleeping          |     4 |     4 |     5 |    10 |    27 |    39 |    61 |    26 ||   176
       Distracted        |       |     1 |       |     2 |     3 |     4 |    21 |    12 ||    43
       Confused          |       |       |       |       |    11 |     1 |       |     3 ||    15
       Paralysed         |       |       |       |       |     1 |       |       |       ||     1
Armor: Robe              |    11 |    24 |    75 |    71 |   163 |   250 |   258 |   116 ||   968
       Steam dragon scal |       |       |     5 |    73 |       |       |       |       ||    78
Dodge: Dodged            |    55 |    67 |   192 |   345 |   445 |   852 |   949 |   556 ||  3461
Block: Buckler           |       |    14 |    67 |   132 |   208 |   411 |       |       ||   832
       Kite shield       |       |       |       |       |       |   165 |  1112 |   694 ||  1971
       Reflection        |       |       |       |       |       |    13 |   100 |    46 ||   159

Table legend: (Time is in decaauts)
 A = Elapsed time spent in this place.
 B = Non-inter-level travel time spent in this place.
 C = Inter-level travel time spent in this place.
 D = Time resting spent in this place.
 E = Time spent auto-exploring this place.
 F = Levels seen in this place.
 G = Mean time per level.
                   A        B        C        D        E       F      G
               +--------+--------+--------+--------+--------+-----+--------+
         Total |  57594 |  54061 |   3533 |  15496 |  20286 |  42 | 1371.3 |
       Dungeon |  21745 |  20302 |   1443 |   5879 |   9011 |  15 | 1449.7 |
        Temple |    299 |    241 |     58 |      0 |    140 |   1 |  299.0 |
          Lair |   6924 |   6467 |    457 |   1061 |   2922 |   6 | 1154.0 |
         Swamp |   4195 |   4106 |     89 |   1447 |   1124 |   4 | 1048.8 |
     Snake Pit |   7058 |   6787 |    271 |   2812 |   1552 |   4 | 1764.5 |
  Orcish Mines |   2111 |   1930 |    181 |    552 |    747 |   2 | 1055.5 |
   Elven Halls |   5749 |   5334 |    415 |   1868 |   1528 |   3 | 1916.3 |
        Vaults |   8430 |   7813 |    617 |   1783 |   3104 |   5 | 1686.0 |
         Abyss |   1080 |   1080 |      0 |     92 |    158 |   2 |  540.0 |
               +--------+--------+--------+--------+--------+-----+--------+

Top non-repeatable levels by time:
     D:9: 2601 daAuts
Vaults:2: 2380 daAuts
 Snake:1: 2296 daAuts
   Elf:2: 2172 daAuts
   Elf:3: 2131 daAuts
 Snake:4: 2120 daAuts
    D:10: 2009 daAuts
     D:1: 2008 daAuts
  Lair:2: 1939 daAuts
     D:6: 1832 daAuts
Vaults:3: 1791 daAuts
 Swamp:4: 1754 daAuts
     D:2: 1751 daAuts
Vaults:4: 1743 daAuts
Vaults:1: 1715 daAuts
